Map: Kairos Junction LE

Players

HateMe

  • Race: Zerg Zerg
  • Spawn Location: 11:00

Lambo - Winner!

  • Race: Zerg Zerg
  • League: Grandmaster
  • Spawn Location: 5:00

Event: 2019 WCS Winter Europe

VOD

Have the link to the VOD?

Description

Time

  • Played on: Feb. 15, 2019, 9:15 a.m.
  • Length: 15:29

All games in this series

Show
View Real Time Build Order
Export as new Build Order

HateMe Zerg 

Build Orders: Hatch First 

Get SALT Encoding   

  12  0:02  Drone  
  13  0:13  Overlord  
  13  0:17  Drone  
  14  0:31  Drone x2  
  16  0:49  Hatchery  
  15  0:51  Drone  
  15  0:55  Drone  
  17  0:59  Drone  
  18  1:09  Extractor  
  17  1:14  Spawning Pool  
  17  1:17  Drone  
  17  1:20  Drone  
  18  1:29  Drone  
  19  1:39  Drone  
  20  1:50  Drone  
  21  2:00  Overlord  
  21  2:01  Queen  
  21  2:02  Queen  
  21  2:03  Zergling x2  
  26  2:11  Drone  
  26  2:12  Drone  
  26  2:13  Metabolic Boost  
  28  2:23  Drone x2  
  30  2:33  Hatchery  
  30  2:36  Drone  
  30  2:38  Drone  
  30  2:43  Drone  
  32  2:44  Drone  
  32  2:50  Baneling Nest  
  32  2:55  Overlord  
  32  2:57  Drone  
  33  3:06  Zergling x4  
  33  3:09  Zergling x2  
  33  3:12  Overlord  
  36  3:14  Drone  
  36  3:15  Drone x2  
  36  3:18  Drone  
  36  3:19  Drone  
  41  3:23  Drone  
  41  3:25  Queen  
  44  3:35  Baneling x2  
  44  3:36  Zergling x4  
  44  3:40  Evolution Chamber, Drone x2  
  44  3:41  Drone  
  48  3:45  Overlord  
  48  3:46  Drone x2  
  48  3:48  Drone  
  51  3:51  Drone x2  
  53  3:57  Drone x2  
  53  3:58  Drone  
  56  4:05  Zerg Missile Weapons Level 1  
  56  4:07  Overlord  
  56  4:14  Drone  
  56  4:15  Drone x6  
  63  4:25  Roach Warren  
  63  4:27  Drone x4  
  63  4:28  Drone  
  67  4:34  Drone  
  67  4:35  Drone  
  67  4:36  Lair  
  68  4:39  Overlord  
  68  4:43  Drone  
  68  4:44  Drone x2  
  68  4:45  Drone  
  72  4:46  Drone  
  72  4:49  Extractor  
  72  4:50  Extractor  
  72  4:51  Extractor x2, Drone  
  72  4:52  Extractor, Drone x4  
  72  4:55  Overlord  
  72  4:57  Drone  
  72  4:58  Drone x2  
  75  5:07  Pneumatized Carapace  
  75  5:09  Hatchery  
  75  5:11  Drone  
  75  5:12  Drone  
  76  5:21  Overlord x2  
  76  5:22  Roach  
  76  5:23  Roach x3  
  76  5:27  Evolution Chamber  
  82  5:32  Overlord  
  82  5:33  Roach x3  
  82  5:34  Overseer  
  88  5:39  Glial Reconstitution  
  88  5:44  Overlord  
  88  5:46  Roach x5  
  98  5:54  Overlord  
  98  5:55  Overlord  
  97  5:59  Roach x2  
  97  6:03  Roach x2  
  105  6:05  Roach  
  105  6:06  Roach  
  105  6:07  Overlord  
  105  6:08  Roach  
  105  6:10  Roach x3  
  117  6:13  Roach  
  117  6:14  Roach  
  121  6:20  Ravager  
  121  6:21  Ravager, Roach x2  
  127  6:26  Roach x4  
  127  6:30  Roach x3  
  141  6:35  Roach x3  
  137  6:43  Roach  
  137  6:44  Roach x4  
  129  6:47  Roach x2  
  129  6:48  Roach  
  120  6:56  Roach x3  
  125  7:02  Zerg Missile Weapons Level 2  
  125  7:05  Roach x2  
  124  7:10  Roach x3  
  129  7:17  Roach x3  
  125  7:26  Roach  
  125  7:27  Roach x4  
  127  7:32  Roach  
  127  7:33  Roach x2  
  131  7:38  Zerg Ground Armor Level 1  
  131  7:42  Roach  
  133  7:48  Overlord x2  
  133  7:50  Roach x2  
  137  7:55  Roach  
  137  7:56  Roach  
  137  7:58  Roach  
  143  8:00  Ravager x2  
  143  8:01  Overlord  
  143  8:03  Roach  
  147  8:07  Roach x2  
  147  8:10  Roach  
  147  8:11  Roach  
  147  8:12  Roach  
  157  8:19  Drone  
  156  8:20  Drone x5  
  156  8:22  Roach  
  161  8:27  Drone  
  161  8:28  Tunneling Claws  
  161  8:29  Burrow  
  161  8:33  Ravager x2  
  164  8:34  Overlord  
  164  8:35  Roach  
  164  8:39  Roach x2  
  170  8:45  Overlord x3  
  170  8:56  Overlord x2  
  170  9:02  Overseer  
  170  9:05  Roach x6  
  182  9:10  Roach x2  
  182  9:11  Roach  
  182  9:14  Overlord  
  188  9:17  Ravager x3  
  188  9:21  Roach x3  
  199  9:24  Roach  
  197  9:33  Overseer  
  197  9:34  Overseer  
  197  9:36  Roach  
  197  9:52  Roach x5, Drone  
  193  9:53  Drone x2  
  195  10:02  Roach x2  
  199  10:08  Roach x3  
  190  10:15  Roach x5  
  200  10:24  Roach  
  200  10:25  Roach x2  
  198  10:41  Roach x2  
  190  10:42  Roach  
  190  10:43  Roach x2  
  190  10:45  Overseer  
  190  10:46  Queen, Spire  
  190  10:48  Spine Crawler  
  190  10:49  Queen  
  192  10:50  Spine Crawler  
  192  10:51  Spine Crawler  
  192  10:52  Hatchery  
  182  10:57  Drone x11  
  182  11:01  Roach x8  
  182  11:02  Roach x2  
  199  11:10  Overseer  
  198  11:16  Roach x3  
  200  11:23  Overseer  
  200  11:24  Overseer  
  194  11:26  Roach x29  
  194  11:28  Roach x5  
  195  11:33  Roach x2  
  195  11:34  Roach x31  
  193  11:49  Roach x3  
  193  11:51  Drone x10  
  196  12:00  Mutalisk x4  
  199  12:03  Zerg Flyer Weapons Level 1  
  199  12:10  Roach x3  
  199  12:14  Mutalisk x2  
  181  12:26  Mutalisk x9  
  179  12:31  Hatchery  
  179  12:34  Queen  
  170  12:40  Mutalisk x2  
  170  12:44  Drone x10  
  168  12:49  Roach x4  
  169  13:00  Roach x3  
  169  13:03  Ravager x2  
  169  13:04  Ravager  
  172  13:07  Roach  
  172  13:08  Roach  
  176  13:14  Roach x2  
  176  13:16  Roach  
  176  13:19  Roach  
  184  13:30  Roach x4  
  167  13:39  Roach x3  
  154  13:45  Roach  
  154  13:46  Roach  
  124  14:03  Roach x3  
  69  15:12  Extractor  
Show
View Real Time Build Order
Export as new Build Order

Lambo Zerg - Winner!

Build Orders: Hatch First 

Get SALT Encoding   

  12  0:00  Drone  
  13  0:12  Overlord  
  13  0:18  Drone  
  14  0:30  Drone  
  14  0:31  Drone  
  16  0:47  Hatchery  
  15  0:50  Drone  
  15  0:54  Drone  
  17  1:08  Spawning Pool  
  17  1:09  Extractor  
  15  1:12  Drone  
  15  1:15  Drone  
  17  1:19  Drone  
  18  1:27  Drone  
  19  1:38  Drone  
  20  1:49  Overlord  
  20  1:54  Queen  
  20  1:59  Queen  
  24  2:05  Drone x2  
  26  2:09  Metabolic Boost  
  26  2:10  Drone  
  26  2:11  Drone  
  28  2:22  Zergling x2, Drone  
  30  2:33  Zergling x2  
  30  2:34  Drone  
  32  2:39  Hatchery  
  31  2:46  Baneling Nest  
  31  2:47  Drone  
  31  2:50  Overlord  
  31  2:56  Drone  
  32  3:00  Zergling x2  
  32  3:02  Drone  
  34  3:08  Drone x2  
  34  3:10  Zergling x4  
  34  3:11  Zergling x2  
  39  3:14  Overlord  
  39  3:18  Drone  
  40  3:21  Drone  
  40  3:22  Drone  
  40  3:26  Queen  
  45  3:34  Drone x2  
  45  3:36  Drone x3  
  49  3:44  Drone x3  
  49  3:47  Evolution Chamber  
  51  3:50  Drone  
  51  3:52  Extractor  
  51  3:53  Extractor, Drone  
  51  3:57  Overlord  
  51  3:58  Drone  
  51  4:02  Lair  
  52  4:05  Drone x2  
  54  4:12  Roach Warren, Drone  
  54  4:14  Drone x2  
  56  4:18  Drone x2  
  56  4:19  Drone  
  59  4:24  Drone  
  59  4:25  Drone x2  
  59  4:28  Zerg Missile Weapons Level 1  
  59  4:30  Drone  
  63  4:31  Drone  
  63  4:34  Drone  
  63  4:38  Overlord  
  65  4:40  Drone  
  65  4:43  Overlord  
  66  4:54  Extractor  
  66  4:55  Extractor, Drone x2  
  66  4:56  Drone  
  66  4:57  Drone x3  
  66  4:58  Overlord, Drone  
  71  5:01  Glial Reconstitution  
  70  5:11  Roach x6  
  82  5:17  Overlord  
  82  5:18  Roach x3  
  88  5:22  Overlord x2  
  88  5:27  Overlord  
  88  5:28  Roach  
  89  5:32  Overlord x2  
  89  5:37  Roach x3  
  89  5:41  Roach x2  
  89  5:42  Ravager  
  101  5:43  Ravager x2  
  101  5:46  Roach x2  
  101  5:49  Roach x2  
  110  5:52  Roach  
  110  5:56  Roach x2  
  110  5:57  Roach  
  118  6:00  Roach  
  118  6:02  Roach x2  
  124  6:06  Roach x2  
  124  6:10  Ravager  
  131  6:11  Roach  
  131  6:15  Overlord  
  137  6:18  Roach x3  
  137  6:24  Overlord  
  137  6:25  Overlord  
  137  6:29  Overlord  
  137  6:30  Overlord  
  137  6:31  Overlord  
  136  6:33  Roach x2  
  136  6:34  Roach  
  136  6:38  Roach x3  
  142  6:43  Roach  
  142  6:44  Roach  
  134  6:47  Roach x3  
  134  6:51  Roach  
  134  6:52  Roach  
  134  6:54  Roach  
  134  6:58  Roach x3  
  136  7:03  Roach  
  136  7:05  Roach  
  135  7:10  Roach x2  
  133  7:15  Roach x2  
  133  7:17  Roach  
  133  7:18  Roach x2  
  133  7:24  Roach x3  
  132  7:31  Drone x6  
  132  7:34  Extractor  
  132  7:36  Zerg Missile Weapons Level 2  
  137  7:40  Ravager  
  138  7:45  Hatchery  
  138  7:50  Drone  
  138  7:51  Drone x2  
  138  7:53  Roach x4  
  138  7:55  Roach  
  150  7:59  Tunneling Claws  
  150  8:00  Burrow  
  150  8:01  Roach x2  
  150  8:02  Overseer  
  150  8:03  Ravager x2  
  150  8:04  Roach  
  158  8:06  Roach  
  158  8:09  Roach x2  
  158  8:12  Overlord  
  164  8:15  Overlord  
  164  8:16  Roach x2  
  164  8:19  Roach x2  
  170  8:23  Overlord  
  170  8:26  Drone x2  
  172  8:28  Overlord  
  172  8:29  Ravager  
  172  8:31  Roach x2  
  177  8:35  Roach  
  177  8:36  Roach x2  
  177  8:38  Roach  
  185  8:42  Roach x3  
  185  8:48  Overlord  
  191  8:49  Roach  
  191  8:50  Roach  
  191  8:53  Ravager x3, Roach  
  200  9:22  Roach x4  
  200  9:27  Roach x3  
  200  9:29  Roach x4  
  200  9:38  Roach x2  
  200  9:39  Overseer  
  200  9:40  Pneumatized Carapace  
  200  9:43  Roach x2  
  200  9:45  Roach x15  
  200  9:51  Roach x3  
  198  9:59  Roach  
  200  10:00  Roach, Overseer  
  200  10:11  Roach x2  
  198  10:15  Roach x2  
  198  10:17  Overseer, Zerg Ground Armor Level 1  
  198  10:18  Overseer  
  190  10:21  Roach  
  190  10:22  Roach x4  
  198  10:28  Roach  
  198  10:29  Roach  
  198  10:32  Roach x7  
  198  10:34  Roach x5  
  198  10:41  Roach  
  192  10:57  Spire  
  192  10:58  Extractor  
  192  10:59  Extractor  
  192  11:01  Roach x5  
  192  11:02  Roach x7  
  193  11:21  Spire  
  193  11:22  Roach x4  
  193  11:24  Roach x5  
  193  11:46  Roach x7, Hydralisk Den  
  196  11:54  Overlord  
  196  11:57  Roach x2  
  193  12:04  Roach Warren  
  179  12:21  Hydralisk x14  
  199  12:24  Grooved Spines  
  199  12:26  Roach x3  
  198  12:32  Hydralisk  
  193  12:40  Hydralisk  
  193  12:41  Hydralisk x3  
  198  12:45  Roach x2  
  198  12:47  Hydralisk  
  197  12:56  Spore Crawler x3, Hydralisk  
  197  12:57  Hydralisk x3  
  200  13:09  Roach  
  196  13:18  Hydralisk x2  
  196  13:30  Hydralisk x4  
  179  13:34  Hydralisk x7  
  179  13:35  Muscular Augments  
  185  13:42  Overlord  
  185  13:45  Hydralisk x2  
  185  13:46  Hydralisk x2  
  191  13:50  Overlord  
  191  13:54  Overlord  
  187  13:57  Overlord  
  187  13:58  Spore Crawler  
  160  14:20  Hydralisk x6  
  165  14:29  Roach x6  
  149  14:52  Hydralisk  
  139  14:54  Hydralisk x3  
  139  14:57  Roach x13  
Tags
 
Add a new tag
Caveats
  • Supply blocks, unpowered buildings, or Contaminate may cause inaccurate times.
  • Supply counts are checked every 10 seconds.